 Dungeon Crawl Stone Soup version 0.30.1-11-g7821555f0a (webtiles) character file.

Game seed: 5164934240990865277

130 Gumption the Covered (level 5, 0/1 HPs)
             Began as a Meteoran Fighter on Nov 13, 2023.
             Was an Initiate of Yredelemnul.
             Slain by an orc
             ... wielding a +0 club
              (1 damage)
             ... on level 4 of the Dungeon.
             The game lasted 00:14:51 (3186 turns).

Gumption the Covered (Meteoran Fighter)             Turns: 3186, Time: 00:14:53

Health: 0/1        AC:  9    Str: 19    XL:     5   Next: 63%
Magic:  6/6        EV:  7    Int: 10    God:    Yredelemnul [......]
Gold:   145        SH:  5    Dex: 13    Spells: 4/4 levels left

rFire   + . .        a - +2 hand axe (vamp)
rCold   . . .        c - +0 buckler
rNeg    . . .        l - +0 chain mail
rPois   .            (no helmet)
rElec   .            (no cloak)
rCorr   .            (no gloves)
SInv    .            (no boots)
Will    .....        (no amulet) Stlth
                     g - ring of protection from fire
HPRegen 0.20/turn    (no ring)
MPRegen 0.10/turn

%: no passive effects
@: glowing
A: sense surroundings 1, otherworldly, glowing, explore regen
a: Renounce Religion, Recall Undead Harvest


You were on level 4 of the Dungeon.
You worshipped Yredelemnul.
Yredelemnul was noncommittal.
You visited 1 branch of the dungeon, and saw 4 of its levels.

You collected 145 gold pieces.

Inventory:

Hand Weapons
 a - a +2 vampiric hand axe (weapon)
 f - a +0 war axe
 r - a +1 hand axe of venom
Missiles
 h - 11 poisoned darts (quivered)
Armour
 b - a +0 scale mail
 c - a +0 buckler (worn)
 l - a +0 chain mail (worn)
Jewellery
 g - a ring of protection from fire (left hand)
Scrolls
 i - 4 scrolls of identify {unknown}
 m - a scroll of poison {unknown}
 n - a scroll of teleportation {unknown}
 p - a scroll of magic mapping {unknown}
 s - a scroll of amnesia {unknown}
 t - a scroll of fog {unknown}
Potions
 d - 4 potions of might
 e - a potion of heal wounds {unknown}
 j - a potion of attraction {unknown}
 k - a potion of invisibility {unknown}
 o - a potion of flight {unknown}
 q - a potion of curing {unknown}


   Skills:
 + Level 4.0 Fighting
 * Level 4.4 Axes
 + Level 4.4 Armour
 + Level 4.4 Shields


You had 4 spell levels left.
You didn't know any spells.
Your spell library contained the following spells:

 Spells                   Type           Power      Damage    Failure   Level
 Inner Flame              Hex/Fire       0%         N/A       100%        3
 Starburst                Conj/Fire      0%         6d3       100%        6


Dungeon Overview and Level Annotations

Branches:
Dungeon (4/15) Zot: 788
 Temple: D:4-7

Altars:
Yredelemnul
Zin


Innate Abilities, Weirdness & Mutations

You passively map a small area around you.
You are easily found by Zot.
You glow in the dark.
You regain HP and MP as you explore.


Message History

Your giant cockroach zombie waves its antennae.
Zot's power touches on you...
You have lingered too long.
Zot senses you.
Dive deeper or flee this branch before you suffer!
Zot draws nearer.
Dive deeper or flee this branch before you suffer!
Zot has nearly found you.
Suffering is imminent.
Descend or flee this branch!
Zot's power touches on you...
You have lingered too long.
Zot senses you.
Dive deeper or flee this branch before you suffer!
Zot draws nearer.
Dive deeper or flee this branch before you suffer!
Zot has nearly found you.
Suffering is imminent.
Descend or flee this branch!
Zot's power touches on you...
You have lingered too long.
Zot senses you.
Dive deeper or flee this branch before you suffer!
Zot draws nearer.
Dive deeper or flee this branch before you suffer!
Zot has nearly found you.
Suffering is imminent.
Descend or flee this branch!
Zot's power touches on you...
You have lingered too long.
Zot senses you.
Dive deeper or flee this branch before you suffer!
Zot draws nearer.
Dive deeper or flee this branch before you suffer!
Zot has nearly found you.
Suffering is imminent.
Descend or flee this branch!
Zot's power touches on you...
You have lingered too long.
Zot senses you.
Dive deeper or flee this branch before you suffer!
Zot draws nearer.
Dive deeper or flee this branch before you suffer!
Zot has nearly found you.
Suffering is imminent.
Descend or flee this branch!
Zot's power touches on you...
You swap places.
You swap places.
There is a stone staircase leading down here.
You climb downwards.
Your mindless puppets stay behind to rot.
The jackal barks!
The orc shouts! x2
There is a stone staircase leading up here.
An orc comes into view. It is wielding a +0 club.
The orc barely misses you.
You hit the orc but do no damage. You block the orc's attack.
You closely miss the orc. The orc closely misses you.
You slash the orc!
You kill the orc!
You hit the orc but do no damage.
The dead are walking!
The orc hits you with a +0 club.
Ouch! That really hurt!
You die...
Your body rises from the dead as a mindless zombie.

* #., * #..., , ,
#.... , , #.... *
# #.... , *
..####..###### *
#........Zo..#...
,
.........@)..o...
*
.........hh....##
, .......<.......#
, *
...............# *
,.................
, *
.................
.................
..............##.
............... ,


You could see 2 orcs, 2 jackals and a friendly orc zombie.

Vanquished Creatures
  3 adders
  2 worms (D:2)
  2 dart slugs (D:2)
  8 orcs
  7 ball pythons
  3 bats (D:2)
  6 endoplasms
  4 giant cockroaches
  4 goblins
  2 kobolds
  2 quokkas (D:1)
  3 frilled lizards
  4 rats
50 creatures vanquished.

Vanquished Creatures (collateral kills)
  An orc priest (D:3)
  2 goblins
  A kobold (D:2)
  A rat (D:3)
5 creatures vanquished.

Vanquished Creatures (others)
  A ball python zombie (D:3)
  3 endoplasm zombies
  2 frilled lizard zombies
  2 goblin zombies (D:2)
  A kobold zombie (D:2)
  An orc zombie (D:3)
  A rat zombie (D:3)
11 creatures vanquished.

Grand Total: 66 creatures vanquished

Notes
Turn   | Place    | Note
-------+----------+-------------------------------------------
     0 | D:1      | Gumption the Meteoran Fighter began the quest for the Orb.
     0 | D:1      | Reached XP level 1. HP: 19/19 MP: 2/2
   162 | D:1      | Reached XP level 2. HP: 26/26 MP: 3/3
   202 | D:1      | Found a faded altar of an unknown god.
   209 | D:1      | Prayed at the altar of an unknown god.
   209 | D:1      | Became a worshipper of Yredelemnul the Dark
   209 | D:1      | Reached * piety under Yredelemnul
   496 | D:1      | Glimpsed the power of Zot.
   557 | D:2      | Reached XP level 3. HP: 22/31 MP: 4/4
   639 | D:2      | Reached XP level 4. HP: 39/39 MP: 5/5
  1364 | D:3      | Found a glowing silver altar of Zin.
  1442 | D:3      | Reached XP level 5. HP: 44/46 MP: 6/6
  1477 | D:3      | Got the Omnibus of the Burn
  1679 | D:3      | Glimpsed the power of Zot.
  1726 | D:3      | Glimpsed the power of Zot.
  1766 | D:3      | Glimpsed the power of Zot.
  1775 | D:3      | Touched by the power of Zot.
  1876 | D:3      | Glimpsed the power of Zot.
  1926 | D:3      | Glimpsed the power of Zot.
  1966 | D:3      | Glimpsed the power of Zot.
  1975 | D:3      | Touched by the power of Zot.
  2076 | D:3      | Glimpsed the power of Zot.
  2126 | D:3      | Glimpsed the power of Zot.
  2166 | D:3      | Glimpsed the power of Zot.
  2175 | D:3      | Touched by the power of Zot.
  2276 | D:3      | Glimpsed the power of Zot.
  2326 | D:3      | Glimpsed the power of Zot.
  2366 | D:3      | Glimpsed the power of Zot.
  2375 | D:3      | Touched by the power of Zot.
  2476 | D:3      | Glimpsed the power of Zot.
  2526 | D:3      | Glimpsed the power of Zot.
  2566 | D:3      | Glimpsed the power of Zot.
  2575 | D:3      | Touched by the power of Zot.
  2676 | D:3      | Glimpsed the power of Zot.
  2726 | D:3      | Glimpsed the power of Zot.
  2766 | D:3      | Glimpsed the power of Zot.
  2775 | D:3      | Touched by the power of Zot.
  2876 | D:3      | Glimpsed the power of Zot.
  2926 | D:3      | Glimpsed the power of Zot.
  2966 | D:3      | Glimpsed the power of Zot.
  2975 | D:3      | Touched by the power of Zot.
  3076 | D:3      | Glimpsed the power of Zot.
  3126 | D:3      | Glimpsed the power of Zot.
  3166 | D:3      | Glimpsed the power of Zot.
  3175 | D:3      | Touched by the power of Zot.
  3186 | D:4      | Slain by an orc

Illustrated notes

Levels and vault maps discovered:
D:1:      tarquinn_simple_flora_water_d, layout_loops_ring,
          dreamdust_ecumenical_altar_statues
D:2:      layout_rooms, kennysheep_generic_room_8
D:3:      layout_rooms, zin_scriptorium, portal_sewer_entry_e,
          serial_corexii_hall, corexii_hall_statues_t, corexii_hall_statues_t,
          chequers_hall_statues_wall_a, corexii_hall_statues_l
D:4:      layout_rooms, tso_altar

Skill      XL: |  1  2  3  4  5 |
---------------+----------------+-----
Axes           | 3 4 |  4.4
Armour         | 4 |  4.4
Shields        | 4 |  4.4
Fighting       | 4 |  4.0

Action                     |  1- 3 |  4- 6 || total
---------------------------+-------+-------++-------
  Melee: Hand axe          |    46 |    83 ||   129
         War axe           |     2 |       ||     2
 Armour: Scale mail        |     8 |       ||     8
         Chain mail        |    11 |    41 ||    52
  Dodge: Dodged            |    13 |    31 ||    44
  Block: Buckler           |     8 |    20 ||    28
